 Dungeon Crawl Stone Soup version 0.29.0-4-gdea44cf6ec (webtiles) character file.

Game seed: 13141156957914212005

1125 qw the Cleaver (level 8, -5/62 HPs)
             Began as a Formicid Cinder Acolyte on Sept 3, 2022.
             Was an Elder of Ignis.
             Succumbed to a gnoll sergeant's poison
             ... on level 6 of the Dungeon.
             The game lasted 00:02:11 (6105 turns).

qw the Cleaver (Formicid Cinder Acolyte)            Turns: 6105, Time: 00:02:12

Health: -5/62      AC: 16    Str: 21    XL:     8   Next: 61%
Magic:  9/9        EV:  8    Int: 14    God:    Ignis [****..]
Gold:   209        SH:  0    Dex:  9    Spells: 9/9 levels left

rFire   + . .      SeeInvis +   Y - +0 battleaxe
rCold   . . .      Faith    .   (no shield)
rNeg    . . .      Spirit   .   k - +0 chain mail
rPois   .          Reflect  .   (helmet unavailable)
rElec   .          Harm     .   (no cloak)
rCorr   .          Rampage  .   (no gloves)
Will    .....                   (no boots)
Stlth   ..........              g - amulet of the acrobat
HPRegen 0.20/turn               (no ring)
MPRegen 0.11/turn               (no ring)

@: lethally poisoned (-5 -> -24), fiery-armoured
A: permanent stasis, dig shafts and tunnels, antennae 3, four strong arms
a: Dig, Shaft Self, Renounce Religion, Fiery Armour, Foxfire Swarm, Rising Flame


You were on level 6 of the Dungeon.
You worshipped Ignis.
Ignis was greatly pleased with you.
You visited 1 branch of the dungeon, and saw 6 of its levels.

You collected 259 gold pieces.
You spent 50 gold pieces at shops.


Innate Abilities, Weirdness & Mutations

You cannot be hasted, slowed, berserked, paralysed or teleported.
You can dig through walls and to a lower floor.
You have a pair of large antennae on your head. (SInv)
Your four strong arms can wield two-handed weapons with a shield.


   Skills:
 - Level 5.0 Fighting
 + Level 8.3 Axes
 - Level 2.3 Throwing
 - Level 3.2 Armour
 - Level 1.0 Dodging
 - Level 1.1 Spellcasting
 - Level 3.0 Fire Magic


You had 9 spell levels left.
You didn't know any spells.
Your spell library contained the following spells:

 Spells                   Type           Power      Damage    Failure   Level
 Scorch                   Fire           18%        2d5       73%         2

Inventory:

Hand Weapons
 j - a -1 hand axe of flaming
 Y - a +0 battleaxe (weapon)
Missiles
 f - 3 boomerangs (quivered)
Armour
 k - a +0 chain mail (worn)
Jewellery
 g - an amulet of the acrobat (around neck)
Scrolls
 d - 2 scrolls of identify
Potions
 a - a potion of resistance {unknown}
 e - a potion of haste
 h - a potion of attraction {unknown}
 i - 2 potions of curing
 l - a potion of magic {unknown}

Dungeon Overview and Level Annotations

Branches:
Dungeon (6/15)             Temple (0/1) D:5

Altars:
Sif Muna
Trog

Shops:
D:2 [

Annotations:
D:4 3 runed translucent doors, qw's ghost, amateur TrCA


Message History

You are more poisoned.
The gnoll hits you but does no damage.
The gnoll is burned by your cloak of flames.
You kill the gnoll!
You slash the orc!
You kill the orc!
You feel very sick.
The gnoll sergeant hits you from afar with a +1 spear of venom.
You are lethally poisoned!
The gnoll sergeant hits you from afar with a +0 spear.
The orc warrior unwields a +0 long sword.
The orc warrior wields a +0 arbalest.
The orc warrior shoots a bolt.
The bolt barely misses the sky beast.
The bolt hits you. The gnoll hits you but does no damage.
6103 ||| DRINKING potion of heal wounds.
You feel much better.
You feel very sick. The gnoll hits you with a +0 club.
The gnoll is burned by your cloak of flames.
The gnoll is heavily wounded.
The gnoll sergeant hits you from afar with a +0 spear!
The gnoll hits you from afar with a +0 spear.
The gnoll sergeant hits you but does no damage.
You are more poisoned.
You barely miss the gnoll.
The gnoll is heavily wounded.
You hit the sky beast.
You feel very sick. The gnoll hits you but does no damage.
The gnoll is burned by your cloak of flames.
The gnoll is severely wounded.
The gnoll sergeant hits you from afar with a +0 spear.
The gnoll hits you but does no damage. The gnoll sergeant barely misses you.
The sky beast hits you but does no damage.
The sky beast is burned by your cloak of flames.
The sky beast is lightly wounded.
You slash the gnoll!
You kill the gnoll!
You barely miss the sky beast.
You die...

#.###########
#########.####......#
#......##...........#
#......##>..........#
#...................#
###.................#
#..../..##..#+####
#.......###....#
#.......# ##@###
#......## #Y).#
########


#gogg.# #.o.g...# ........... ............. {............... ............... You
could see an orc warrior, a sky beast, 2 gnoll sergeants, an orc wizard
(invisible) and 2 gnolls.

Vanquished Creatures
  An orc warrior (D:4)
  3 black bears (D:5)
  3 phantoms
  2 scorpions
  4 hounds (D:5)
  A jelly (D:5)
  An iguana (D:5)
  4 orc wizards
  4 gnolls (D:6)
  6 adders
  2 dart slugs
  13 orcs
  4 endoplasms
  2 giant cockroaches
  8 goblins
  5 hobgoblins
  2 quokkas (D:4)
  3 ball pythons
  A frilled lizard (D:2)
  3 kobolds
  6 rats
  A spectral kobold (D:1)
79 creatures vanquished.

Notes
Turn   | Place    | Note
-------+----------+-------------------------------------------
     0 | D:1      | qw the Formicid Cinder Acolyte began the quest for the Orb.
     0 | D:1      | Reached XP level 1. HP: 18/18 MP: 2/2
     0 | D:1      | 0 ||| qw: Version: 0.1-a-102-g441f92d
     0 | D:1      | 0 ||| qw: Game counter: 5087
     0 | D:1      | 0 ||| qw: Always use a shield: true
     0 | D:1      | 0 ||| qw: God list: Okawaru
     0 | D:1      | 0 ||| qw: Allow faded altars: false
     0 | D:1      | 0 ||| qw: Do Orc after D:15 true
     0 | D:1      | 0 ||| qw: Do second Lair branch before Depths: true
     0 | D:1      | 0 ||| qw: Lair rune preference: random
     0 | D:1      | 0 ||| qw: Plans: Normal
     0 | D:1      | 0 ||| PLANNING D:1-11
   500 | D:1      | Found a faded altar of an unknown god.
   796 | D:1      | 796 ||| UPGRADING to amulet of the acrobat.
   801 | D:1      | 801 ||| READING scroll labelled GUYSUZ ROINT.
   802 | D:1      | 802 ||| READING 2 scrolls labelled PUKALO HAOTOWI.
   825 | D:2      | Found Plog's Antique Armour Shoppe.
   828 | D:2      | 828 ||| SHOPLISTING glowing ring mail (175 gold, have 75).
   828 | D:2      | 828 ||| BUYING leather armour (50 gold).
   828 | D:2      | Bought a leather armour for 50 gold pieces
   828 | D:2      | 828 ||| SHOPLISTING ring mail (100 gold, have 25).
   828 | D:2      | 828 ||| SHOPLISTING runed troll leather armour (450 gold,
                  | have 25).
   828 | D:2      | 828 ||| SHOPLISTING scale mail (100 gold, have 25).
   828 | D:2      | 828 ||| SHOPLISTING shadowed robe (142 gold, have 25).
   894 | D:2      | 894 ||| Stepping ~*~*~tactically~*~*~ (stealth).
   895 | D:2      | 895 ||| Stepping ~*~*~tactically~*~*~ (stealth).
   976 | D:2      | Reached XP level 2. HP: 24/24 MP: 3/3
  1005 | D:2      | 1005 ||| Stepping ~*~*~tactically~*~*~ (stealth).
  1007 | D:2      | 1007 ||| Stepping ~*~*~tactically~*~*~ (stealth).
  1160 | D:2      | Reached skill level 4 in Axes
  1160 | D:2      | Reached XP level 3. HP: 29/29 MP: 4/4
  1172 | D:2      | 1172 ||| Stepping ~*~*~tactically~*~*~ (stealth).
  1189 | D:2      | Reached skill level 1 in Dodging
  1727 | D:2      | 1727 ||| UPGRADING to +0 leather armour.
  1737 | D:2      | 1737 ||| DROPPING +0 robe.
  1738 | D:2      | 1738 ||| DROPPING amulet of magic regeneration.
  1739 | D:2      | 1739 ||| DROPPING ring of flight.
  1740 | D:2      | 1740 ||| READING scroll labelled ROM HUIGAGG.
  1741 | D:2      | 1741 ||| READING scroll labelled DYTYSAOMNO.
  1742 | D:2      | 1742 ||| READING scroll labelled JOUK ECVAYGYLU.
  1743 | D:2      | 1743 ||| READING scroll labelled DEUMEP MAWUN.
  1744 | D:2      | 1744 ||| READING scroll labelled JAAMOETITA.
  1745 | D:2      | 1745 ||| READING scroll labelled TUARRAZOEN.
  1746 | D:2      | 1746 ||| DRINKING 2 amethyst potions.
  1747 | D:2      | 1747 ||| READING 2 scrolls of identify.
  1747 | D:2      | 1747 ||| IDENTIFYING pink potion
  1748 | D:2      | 1748 ||| DROPPING potion of lignification.
  2459 | D:3      | 2459 ||| SWAPPING to +0 battleaxe.
  2499 | D:3      | 2499 ||| UPGRADING to +0 ring mail.
  2509 | D:3      | 2509 ||| DROPPING +0 leather armour.
  2510 | D:3      | 2510 ||| READING 4 scrolls of identify.
  2510 | D:3      | 2510 ||| IDENTIFYING white potion
  2511 | D:3      | 2511 ||| READING 3 scrolls of identify.
  2511 | D:3      | 2511 ||| IDENTIFYING sapphire potion
  2512 | D:3      | 2512 ||| READING 2 scrolls of identify.
  2512 | D:3      | 2512 ||| IDENTIFYING sedimented pink potion
  2513 | D:3      | 2513 ||| DROPPING potion of invisibility.
  2514 | D:3      | 2514 ||| DROPPING potion of brilliance.
  2576 | D:4      | Noticed a scorpion
  2583 | D:4      | 2583 ||| INVOKING Fiery Armour.
  2584 | D:4      | HP: 7/29 [poisoned by a scorpion]
  2584 | D:4      | HP: 1/29 [scorpion (6)]
  2584 | D:4      | Killed a scorpion
  2585 | D:4      | Reached XP level 4. HP: 1/35 MP: 5/5
  2585 | D:4      | Reached XP level 5. HP: 1/41 MP: 6/6
  2585 | D:4      | 2585 ||| DRINKING potion of curing.
  2585 | D:4      | 2585 ||| (to cure poison)
  2724 | D:4      | 2724 ||| Stepping ~*~*~tactically~*~*~ (stealth).
  2920 | D:4      | Noticed a phantom
  2921 | D:4      | 2921 ||| INVOKING Fiery Armour.
  2930 | D:4      | Killed a phantom
  2931 | D:4      | Reached skill level 5 in Axes
  2931 | D:4      | Reached XP level 6. HP: 35/47 MP: 7/7
  3058 | D:4      | Found a runed translucent gate.
  3058 | D:4      | Found a runed translucent gate.
  3058 | D:4      | Found a runed translucent gate.
  3059 | D:4      | Noticed qw's ghost (amateur TrCA)
  3124 | D:4      | 3124 ||| Stepping ~*~*~tactically~*~*~ (hiding).
  3131 | D:4      | 3131 ||| Stepping ~*~*~tactically~*~*~ (stealth).
  3301 | D:4      | 3301 ||| INVOKING Fiery Armour.
  3302 | D:4      | Reached skill level 6 in Axes
  3821 | D:4      | Noticed an orc warrior
  3829 | D:4      | Killed an orc warrior
  3830 | D:4      | Reached XP level 7. HP: 28/55 MP: 8/8
  3922 | D:4      | 3922 ||| FLEEEEING.
  3924 | D:4      | 3924 ||| FLEEEEING.
  3987 | D:4      | 3987 ||| Stepping ~*~*~tactically~*~*~ (hiding).
  3988 | D:4      | Found a bloodstained altar of Trog.
  4105 | D:4      | Found a shimmering blue altar of Sif Muna.
  4650 | D:4      | 4650 ||| UPGRADING to +0 scale mail.
  4660 | D:4      | 4660 ||| DROPPING +0 ring mail.
  4661 | D:4      | 4661 ||| UPGRADING to +0 chain mail.
  4671 | D:4      | 4671 ||| DROPPING +0 scale mail.
  4672 | D:4      | 4672 ||| READING scroll labelled IQUXZEP QYK.
  4682 | D:5      | Entered Level 5 of the Dungeon
  4684 | D:5      | Found a staircase to the Ecumenical Temple.
  4697 | D:5      | Reached skill level 7 in Axes
  4952 | D:5      | Reached XP level 8. HP: 51/61 MP: 9/9
  5580 | D:5      | Reached skill level 8 in Axes
  5617 | D:5      | Reached skill level 3 in Armour
  5822 | D:5      | 5822 ||| READING scroll labelled ASKOYMM MAFOLA.
  5823 | D:5      | 5823 ||| Stepping randomly (stuck).
  5824 | D:5      | 5824 ||| Stepping ~*~*~tactically~*~*~ (cloud).
  6087 | D:6      | 6087 ||| Stepping ~*~*~tactically~*~*~ (hiding).
  6092 | D:6      | 6092 ||| INVOKING Fiery Armour.
  6102 | D:6      | HP: 12/62 [gnoll sergeant/+0 spear (5)]
  6103 | D:6      | 6103 ||| DRINKING potion of heal wounds.
  6104 | D:6      | HP: 2/62 [poisoned by a gnoll sergeant]
  6105 | D:6      | Succumbed to a gnoll sergeant's poison

Levels and vault maps discovered:
D:1:      ebering_hopf_link, layout_loops_ring,
          dreamdust_ecumenical_altar_drowned_temple
D:2:      layout_loops_ring, serial_rivers, chequers_serial_rivers_room_b,
          chequers_serial_rivers_room_a, chequers_serial_rivers_room_a,
          chequers_serial_rivers_marsh, chequers_serial_rivers_micro_a,
          serial_shops, shop
D:3:      layout_loops_ring, amcnicky_mini_corridor_feature,
          dreamdust_princess_bridge
D:4:      layout_basic, nzn_overflow_gifts_of_might_and_magic,
          gammafunk_ghost_necromancy
D:5:      layout_gridville, minmay_temple_entry_mist
D:6:      layout_basic, nicolae_figureground_pulse

Skill      XL: |  1  2  3  4  5  6  7  8 |
---------------+-------------------------+-----
Axes           | 4 5 6 7 8 |  8.3
Dodging        | 1 |  1.0
Armour         | 2 3 |  3.2
Fighting       | 4 5 |  5.0
Throwing       | 2 |  2.3
Spellcasting   | |  1.1
Fire Magic     | |  3.0

Action                   |  1- 3 |  4- 6 |  7- 9 || total
-------------------------+-------+-------+-------++-------
Melee: Hand axe          |    61 |       |       ||    61
       Battleaxe         |     3 |    79 |   118 ||   200
       Punch             |       |       |     1 ||     1
Throw: Boomerang         |       |    12 |    26 ||    38
Invok: Fiery Armour      |     1 |     2 |     1 ||     4
  Use: Scroll            |    12 |       |     2 ||    14
       Potion            |     1 |     1 |     1 ||     3
Armor: Robe              |     6 |       |       ||     6
       Ring mail         |       |    43 |    15 ||    58
       Chain mail        |       |       |    88 ||    88
Dodge: Dodged            |    30 |    55 |    78 ||   163

Table legend:
 A = Non-vault XP
 B = Vault XP
 C = Vault XP percentage of total XP
 D = Non-vault monster count
 E = Vault monster count
 F = Vault count percentage of total count
                 A         B        C        D         E       F
            +---------+---------+-------+---------+---------+-------
      Total |    1455 |     167 |  10.3 |      76 |       3 |   3.8
            +---------+---------+-------+---------+---------+-------
        D:1 |       4 |       1 |  20.0 |       3 |       1 |  25.0
        D:2 |      44 |       0 |   0.0 |      13 |       0 |   0.0
        D:3 |       7 |       0 |   0.0 |       4 |       0 |   0.0
        D:4 |     423 |     166 |  28.2 |      33 |       2 |   5.7
        D:5 |     869 |       0 |   0.0 |      16 |       0 |   0.0
        D:6 |     108 |       0 |   0.0 |       7 |       0 |   0.0
            +---------+---------+-------+---------+---------+-------
